 Dungeon Crawl Stone Soup version 0.31-a0-267-g3fc6992b3b (webtiles) character file.

Game seed: 11175649189977549623

137 qw the Shooter (level 5, -3/41 HPs)
             Began as a Minotaur Hexslinger on July 13, 2023.
             Killed from afar by an orc wizard (5 damage)
             ... with a magic dart
             ... on level 2 of the Dungeon.
             The game lasted 00:00:57 (2324 turns).

qw the Shooter (Minotaur Hexslinger)                Turns: 2324, Time: 00:00:58

Health: -3/41      AC:  6    Str: 12    XL:     5   Next: 0%
Magic:  5/5        EV: 11    Int: 10    God:
Gold:   138        SH:  0    Dex: 15    Spells: 5/6 levels left

rFire   . . .        Y - +2 sling
rCold   . . .        (no shield)
rNeg    . . .        h - +0 ring mail
rPois   .            (helmet restricted)
rElec   .            a - +0 cloak
rCorr   .            (no gloves)
SInv    .            (no boots)
Will    .....        (no amulet)
Stlth   +            (no ring)
HPRegen 0.26/turn    (no ring)
MPRegen 0.09/turn

%: no passive effects
@: no status effects
A: horns 2, retaliatory headbutt
a: no special abilities


You were on level 2 of the Dungeon.
You visited 1 branch of the dungeon, and saw 3 of its levels.

You collected 138 gold pieces.


Innate Abilities, Weirdness & Mutations

You have a pair of horns on your head.
You reflexively headbutt those who attack you in melee.


   Skills:
 + Level 2.2 Fighting
 - Level 5.2 Ranged Weapons
 - Level 1.1 Armour
 - Level 2.1 Dodging
 - Level 1.0 Spellcasting
 - Level 2.0 Hexes


You had 5 spell levels left.
You knew the following spells:

 Your Spells              Type           Power      Damage    Failure   Level
a - Slow                  Hex            16%        N/A       34%         1

Your spell library contained the following spells:

 Spells                   Type           Power      Damage    Failure   Level
 Inner Flame              Hex/Fire       2%         N/A       83%         3
 Portal Projectile        Hex/Tloc       4%         N/A       83%         3
 Cause Fear               Hex            2%         N/A       98%         4

Inventory:

Hand Weapons
 Y - a +2 sling (weapon)
Armour
 a - a +0 cloak (worn)
 h - a +0 ring mail (worn)
Scrolls
 e - a scroll of teleportation
 g - 2 scrolls of identify
Potions
 d - a potion of curing
 l - a potion of mutation

Dungeon Overview and Level Annotations

Branches:
Dungeon (3/15)

Altars:
Qazlal


Message History

Something hits you but does no damage.
You shoot a sling bullet. Something hits you but does no damage.
You shoot a sling bullet.
You hear some strange, mumbled words.
You are confused.
You hear some strange, mumbled words.
A magic dart appears from out of thin air!
The magic dart hits you.
You shoot a sling bullet.
You hear some strange, mumbled words.
A puff of flame appears from out of thin air!
The puff of flame hits you.
You shoot a sling bullet. Something hits you.
You shoot a sling bullet.
Something hits you but does no damage. x2
You shoot a sling bullet. Something hits you.
You shoot a sling bullet.
You feel less confused. Something hits you.
You shoot a sling bullet. Something hits you but does no damage.
You shoot a sling bullet.
You hear some strange, mumbled words.
Something tries to affect you, but you resist.
Something hits you but does no damage.
You shoot a sling bullet. Something hits you but does no damage.
You shoot a sling bullet. Something hits you.
You shoot a sling bullet. Something hits you but does no damage.
You shoot a sling bullet. Something hits you but does no damage.
You hear some strange, mumbled words.
A magic dart appears from out of thin air!
The magic dart hits you.
You die...

###...# #.##...........######.###
#...#.###.##...........# #..#
#.#.#...#<##...........# ##)##
#...#.#..###...........####..#
###.#.##.#######............##
###.#.##....#######....######
#...#.#####.........#### ###.#.#
##.#..####.# #...#)# #......@...#
#...#.#######...{##.#
#...#..........#.##.#
#........####..#.##.#######
#.............##.##.......#
....###...)...##.########.#######
..)..#........##.# #.............
.....#........##.###.#..#.#######
#....#.#...#........)####.#..# #.


There were no monsters in sight!

Vanquished Creatures
  Natasha (D:2)
  Terence (D:2)
  3 gnolls (D:2)
  A worm (D:2)
  A dart slug (D:1)
  2 orcs (D:3)
  5 ball pythons
  4 endoplasms
  3 giant cockroaches
  5 goblins
  4 hobgoblins
  2 quokkas (D:1)
  6 bats
  4 frilled lizards
  5 kobolds
  5 rats
52 creatures vanquished.

Notes
Turn   | Place    | Note
-------+----------+-------------------------------------------
     0 | D:1      | qw the Minotaur Hexslinger began the quest for the Orb.
     0 | D:1      | Reached XP level 1. HP: 16/16 MP: 1/1
     0 | D:1      | 0 ||| qw: Version: 0.3-a-52-g30416fa
     0 | D:1      | 0 ||| qw: Game counter: 7717
     0 | D:1      | 0 ||| qw: Melee chars always use a shield: true
     0 | D:1      | 0 ||| qw: God list: Okawaru
     0 | D:1      | 0 ||| qw: Allow faded altars: false
     0 | D:1      | 0 ||| qw: Do Orc after clearing Dungeon:15 true
     0 | D:1      | 0 ||| qw: Do second Lair branch before Depths: true
     0 | D:1      | 0 ||| qw: Lair rune preference: random
     0 | D:1      | 0 ||| qw: Goals: Normal
     0 | D:1      | 0 ||| PLANNING D:1-11
   266 | D:1      | Reached skill level 3 in Ranged Weapons
   266 | D:1      | Reached XP level 2. HP: 23/23 MP: 2/2
   676 | D:1      | Reached XP level 3. HP: 29/29 MP: 3/3
   872 | D:1      | 872 ||| UPGRADING to +0 leather armour.
   882 | D:1      | 882 ||| DROPPING +0 robe.
   883 | D:1      | 883 ||| UPGRADING to +0 ring mail.
   893 | D:1      | 893 ||| DROPPING +0 leather armour.
   894 | D:1      | 894 ||| READING scroll labelled FOSUHU YFURYL.
   898 | D:1      | 898 ||| READING 4 scrolls labelled WIMAKUDYETS.
   899 | D:1      | 899 ||| READING scroll labelled XUANLI XAUNN.
   900 | D:1      | 900 ||| READING scroll labelled WOPTOGU YHUXZA.
   901 | D:1      | 901 ||| READING scroll labelled FECUBY JAEM.
   902 | D:1      | 902 ||| READING 3 scrolls of identify.
   902 | D:1      | 902 ||| IDENTIFYING silvery potion
   903 | D:1      | 903 ||| READING 2 scrolls of identify.
   903 | D:1      | 903 ||| IDENTIFYING fizzy pink potion
   904 | D:1      | 904 ||| DROPPING scroll of poison.
   905 | D:1      | 905 ||| DROPPING potion of lignification.
   996 | D:2      | Reached skill level 4 in Ranged Weapons
  1002 | D:2      | Reached skill level 1 in Armour
  1094 | D:2      | Reached XP level 4. HP: 36/36 MP: 4/4
  1428 | D:2      | Noticed Terence
  1437 | D:2      | Killed Terence
  1464 | D:2      | Found a stormy altar of Qazlal.
  1718 | D:2      | Noticed Natasha
  1724 | D:2      | Killed Natasha
  1725 | D:2      | Reached skill level 5 in Ranged Weapons
  1883 | D:2      | 1883 ||| READING scroll labelled LACSAD ITINOHEISE.
  1884 | D:2      | 1884 ||| READING scroll labelled ISEDOM ENYELYMIV.
  1885 | D:2      | 1885 ||| READING 4 scrolls labelled QIH XE NEINTIC.
  1886 | D:2      | 1886 ||| READING 3 scrolls of identify.
  1886 | D:2      | 1886 ||| IDENTIFYING sapphire potion
  1887 | D:2      | 1887 ||| DROPPING 3 scrolls of blinking.
  2169 | D:3      | 2169 ||| FLEEEEING.
  2170 | D:3      | 2170 ||| FLEEEEING.
  2171 | D:3      | 2171 ||| FLEEEEING.
  2173 | D:3      | 2173 ||| FLEEEEING.
  2174 | D:3      | 2174 ||| FLEEEEING.
  2175 | D:3      | 2175 ||| FLEEEEING.
  2178 | D:3      | 2178 ||| DRINKING 2 potions of curing.
  2178 | D:3      | 2178 ||| (to cure confusion)
  2179 | D:3      | 2179 ||| FLEEEEING.
  2180 | D:3      | 2180 ||| FLEEEEING.
  2181 | D:3      | 2181 ||| FLEEEEING.
  2182 | D:3      | 2182 ||| FLEEEEING.
  2183 | D:3      | 2183 ||| FLEEEEING.
  2184 | D:3      | 2184 ||| FLEEEEING.
  2185 | D:3      | 2185 ||| FLEEEEING.
  2186 | D:3      | 2186 ||| FLEEEEING.
  2187 | D:3      | 2187 ||| FLEEEEING.
  2188 | D:3      | 2188 ||| FLEEEEING.
  2192 | D:3      | 2192 ||| FLEEEEING.
  2193 | D:3      | 2193 ||| FLEEEEING.
  2194 | D:3      | 2194 ||| FLEEEEING.
  2198 | D:3      | 2198 ||| FLEEEEING.
  2201 | D:3      | 2201 ||| FLEEEEING.
  2202 | D:3      | 2202 ||| FLEEEEING.
  2203 | D:3      | 2203 ||| FLEEEEING.
  2204 | D:3      | 2204 ||| FLEEEEING.
  2205 | D:3      | 2205 ||| FLEEEEING.
  2206 | D:3      | 2206 ||| FLEEEEING.
  2207 | D:3      | 2207 ||| FLEEEEING.
  2208 | D:3      | 2208 ||| FLEEEEING.
  2220 | D:3      | 2220 ||| FLEEEEING.
  2221 | D:3      | 2221 ||| FLEEEEING.
  2222 | D:3      | 2222 ||| STAIRDANCE
  2286 | D:2      | 2286 ||| UPGRADING to +0 cloak.
  2296 | D:3      | Reached XP level 5. HP: 39/41 MP: 5/5
  2299 | D:3      | 2299 ||| STAIRDANCE
  2314 | D:2      | HP: 6/41 [something/puff of flame (5)]
  2322 | D:2      | HP: 1/41 [something (4)]
  2324 | D:2      | Killed from afar by an orc wizard

Levels and vault maps discovered:
D:1:      minmay_arrival_statue_studded, layout_basic
D:2:      layout_basic, basic_altar, minmay_pentomino_t2, uniq_natasha,
          uniq_terence
D:3:      minmay_chambers_of_threes, layout_basic, uniq_ijyb

Skill      XL: |  1  2  3  4 |
---------------+-------------+-----
Ranged Weapons | 3 4 5 |  5.2
Fighting       | 2 |  2.2
Armour         | 1 |  1.1
Dodging        | |  2.1
Spellcasting   | |  1.0
Hexes          | |  2.0

Action                     |  1- 3 |  4- 6 || total
---------------------------+-------+-------++-------
   Fire: Sling             |   103 |    81 ||   184
    Use: Scroll            |     7 |     4 ||    11
         Potion            |       |     1 ||     1
 Armour: Robe              |     4 |       ||     4
         Ring mail         |     2 |    26 ||    28
  Dodge: Dodged            |    21 |     9 ||    30

Table legend:
 A = Non-vault XP
 B = Vault XP
 C = Vault XP percentage of total XP
 D = Non-vault monster count
 E = Vault monster count
 F = Vault count percentage of total count
                 A         B        C        D         E       F
            +---------+---------+-------+---------+---------+-------
      Total |     121 |      75 |  38.3 |      48 |       4 |   7.7
            +---------+---------+-------+---------+---------+-------
        D:1 |      44 |       0 |   0.0 |      28 |       0 |   0.0
        D:2 |      66 |      75 |  53.2 |      14 |       4 |  22.2
        D:3 |      11 |       0 |   0.0 |       6 |       0 |   0.0
            +---------+---------+-------+---------+---------+-------
